 Dungeon Crawl Stone Soup version 0.26.1-11-gd32895ea62 (webtiles) character file.

Game seed: 1425072243945885616

469 bigdumb the Poker (level 6, -11/52 HPs)
             Began as a Demigod Fighter on June 29, 2021.
             Blown up by Ijyb (23 damage)
             ... with a disintegration bolt
             ... on level 4 of the Dungeon.
             The game lasted 00:05:26 (2533 turns).

bigdumb the Poker (Demigod Fighter)                 Turns: 2533, Time: 00:05:27

Health: -11/52     AC: 14    Str: 23    XL:     6   Next: 51%
Magic:  8/8        EV:  8    Int: 12    God:
Gold:   181        SH: 10    Dex: 15    Spells: 5/5 levels left

rFire    . . .     SeeInvis .   a - +0 trident
rCold    . . .     Faith    .   c - +0 kite shield
rNeg     . . .     Spirit   .   b - +0 scale mail
rPois    .         Reflect  .   i - +2 helmet
rElec    .         Harm     .   j - +0 cloak
rCorr    .         Rampage  .   (no gloves)
Will     .....                  q - +2 pair of boots
Stlth    ..........             (no amulet)
HPRegen  0.17/turn              (no ring)
MPRegen  0.11/turn              (no ring)

@: about to teleport
A: high mp 1
a: no special abilities


You were on level 4 of the Dungeon.
You visited 1 branch of the dungeon, and saw 4 of its levels.

You collected 181 gold pieces.

Inventory:

Hand Weapons
 a - a +0 trident (weapon)
Armour
 b - a +0 scale mail (worn)
 c - a +0 kite shield (worn)
 d - a +1 helmet
 i - a +2 helmet (worn)
 j - a +0 cloak (worn)
 q - a +2 pair of boots (worn)
Wands
 o - a wand of iceblast (31)
 p - a wand of flame (13)
Scrolls
 g - 3 scrolls of remove curse
 h - 4 scrolls of teleportation
 n - 2 scrolls of magic mapping
Potions
 f - a potion of brilliance
 k - 2 potions of curing


   Skills:
 + Level 3.6 Fighting
 + Level 4.5 Polearms
 + Level 3.7 Armour
 + Level 1.2 Dodging
 + Level 3.9 Shields


You had 5 spell levels left.
You didn't know any spells.
Your spell library was empty.

Dungeon Overview and Level Annotations

Branches:
Dungeon (4/15)
 Temple: D:4-7

Annotations:
D:4 Ijyb


Innate Abilities, Weirdness & Mutations

You have an increased reservoir of magic. (+10% MP)


Message History

Ijyb the Twisted Goblin comes into view.
She is wielding a +0 club and carrying a wand of disintegration (19).
Ijyb is nearby!
Ijyb shouts!
No target in view!
You start resting.
Ijyb is nearby!
You completely miss Ijyb. Ijyb barely misses you.
You closely miss Ijyb.
Ijyb zaps a wand.
You are blasted!
You hit Ijyb but do no damage. Ijyb hits you with a +0 club.
You barely miss Ijyb. Ijyb closely misses you.
Ijyb zaps a wand.
You struggle to resist.
You hit Ijyb but do no damage.
Ijyb zaps a wand.
You are blasted!
Ouch! That really hurt!
* * * LOW HITPOINT WARNING * * *
You are too injured to fight recklessly!
You are too injured to fight recklessly!
You feel better. Ijyb hits you but does no damage.
As you read the scroll of teleportation, it crumbles to dust.
You feel strangely unstable.
Ijyb zaps a wand.
You are blasted!
You die...

...... #.#.#.(.. #.....
#.#.#.### #.... #.#.#.# #."..
#.#.#.# #... #.#.#.# #..#
#.#.#.# # #..# #.#.#.# #. #..#
#.#.#.#
.(..#.###@.#######.#.#.#
........g.........>#.#.#
......#.##########.#.#.#
#.##..#.##########.#.#.# #
#.##..#.........<#...#.#
#.##.##..#..#############.#
#....##..#................#
..##....#..#................#
.........†....##############.#


You could see Ijyb.

Vanquished Creatures
  An ogre (D:3)
  A scorpion (D:4)
  2 orc priests
  2 orc wizards
  A gnoll shaman (D:4)
  A worker ant (D:2)
  3 gnolls (D:4)
  3 adders (D:3)
  An ooze (D:3)
  A worm (D:3)
  2 dart slugs
  5 leopard geckos
  6 orcs
  10 bats
  2 giant cockroaches
  9 goblins
  7 hobgoblins
  4 jackals (D:2)
  10 kobolds
  2 quokkas
  A ball python (D:2)
  3 frilled lizards
  A leopard gecko skeleton (D:3)
  10 rats
88 creatures vanquished.

Notes
Turn   | Place    | Note
-------+----------+-------------------------------------------
     0 | D:1      | bigdumb the Demigod Fighter began the quest for the Orb.
     0 | D:1      | Reached XP level 1. HP: 18/18 MP: 3/3
   314 | D:1      | Reached XP level 2. HP: 26/26 MP: 4/4
   554 | D:1      | Reached skill level 2 in Polearms
  1064 | D:2      | Reached XP level 3. HP: 31/31 MP: 5/5
  1451 | D:3      | Reached XP level 4. HP: 37/38 MP: 6/6
  1455 | D:3      | Reached skill level 3 in Polearms
  1523 | D:3      | Found a hazy altar of Hepliaklqana.
  1794 | D:3      | Noticed an ogre
  1801 | D:3      | Killed an ogre
  1802 | D:3      | Reached XP level 5. HP: 45/45 MP: 7/7
  1835 | D:3      | Reached skill level 4 in Polearms
  2081 | D:4      | Reached XP level 6. HP: 24/51 MP: 8/8
  2085 | D:4      | Reached skill level 1 in Dodging
  2521 | D:4      | Noticed Ijyb
  2533 | D:4      | Blown up by Ijyb

Illustrated notes

Levels and vault maps discovered:
D:1:      minmay_arrival_five_plusses, layout_basic, minmay_ruptured
D:2:      layout_loops_ring, minmay_tetromino_o4
D:3:      layout_rooms, old_standard_altar,
          wander_ebering_terrifying_dragon_lair
D:4:      layout_basic, uniq_ijyb

Skill      XL: |  1  2  3  4  5  6 |
---------------+-------------------+-----
Fighting       | 3 |  3.6
Armour         | 3 |  3.7
Polearms       | 2 3 4 |  4.5
Shields        | 3 |  3.9
Dodging        | 1 |  1.2

Action                   |  1- 3 |  4- 6 || total
-------------------------+-------+-------++-------
Melee: Trident           |   122 |   150 ||   272
  Use: Scroll            |     3 |     4 ||     7
       Potion            |     2 |     3 ||     5
Armor: Scale mail        |    33 |    52 ||    85
Dodge: Dodged            |    32 |    36 ||    68
Block: Kite shield       |    53 |    56 ||   109
